 Dungeon Crawl Stone Soup version 0.28-a0-863-g8cecda6153 (webtiles) character file.

Game seed: 17140127776127761307

58 jbasstz the Skirmisher (level 4, -6/36 HPs)
             Began as a Human Berserker on Nov 16, 2021.
             Was a Believer of Trog.
             Mangled by an ogre (13 damage)
             ... on level 3 of the Dungeon.
             The game lasted 00:11:16 (2475 turns).

jbasstz the Skirmisher (Human Berserker)            Turns: 2475, Time: 00:11:17

Health: -6/36      AC:  6    Str: 19    XL:     4   Next: 21%
Magic:  4/4        EV: 10    Int:  7    God:    Trog [**....]
Gold:   137        SH:  0    Dex: 12    Spells: 3/3 levels left

rFire   . . .      SeeInvis .   a - +0 hand axe
rCold   . . .      Faith    .   (no shield)
rNeg    . . .      Spirit   .   d - +0 scale mail
rPois   .          Reflect  .   (no helmet)
rElec   .          Harm     .   (no cloak)
rCorr   .          Rampage  .   (no gloves)
Will    .....                   (no boots)
Stlth   ..........              b - amulet of regeneration
HPRegen 1.12/turn               (no ring)
MPRegen 0.09/turn               (no ring)

@: no status effects
A: no striking features
a: Renounce Religion, Berserk, Trog's Hand


You were on level 3 of the Dungeon.
You worshipped Trog.
Trog was pleased with you.
You visited 1 branch of the dungeon, and saw 3 of its levels.

You collected 137 gold pieces.

Inventory:

Hand Weapons
 a - a +0 hand axe (weapon)
Armour
 d - a +0 scale mail (worn)
Jewellery
 b - an amulet of regeneration (around neck)
Scrolls
 c - a scroll of identify {unknown}
 e - a scroll of amnesia {unknown}
 f - 2 scrolls of teleportation {unknown}
Potions
 g - a potion of lignification {unknown}


   Skills:
 + Level 3.6 Fighting
 + Level 3.6 Axes
 + Level 2.2 Armour
 + Level 2.6 Dodging
 + Level 0.4 Stealth


You had 3 spell levels left.
You didn't know any spells.
Your spell library was empty.

Dungeon Overview and Level Annotations

Branches:
Dungeon (3/15)

Altars:


Message History

There is an escape hatch in the ceiling here.
A mysterious force pulls you upwards. The hatch slams shut behind you.
Nothing quivered!
Done exploring.
There is an escape hatch in the floor here.
There is an escape hatch in the floor here.
You slide downwards.
The hatch slams shut behind you.
There is an escape hatch in the floor here.
You slide downwards.
The hatch slams shut behind you.
A dart slug comes into view.
The dart slug launches a dart at you.
The slug dart hits you but does no damage.
The dart slug launches a dart at you. The slug dart hits you.
You slash the dart slug!
The dart slug is severely wounded.
The dart slug closely misses you.
You hit the dart slug.
You kill the dart slug!
Trog accepts your kill.
Found an escape hatch in the floor.
Found 20 stones.
Found two stone staircases leading down.
An ogre comes into view. It is wielding a +0 giant spiked club.
Press: ? - help, v - describe, . - travel
Here: an ogre, wielding a +0 giant spiked club The floor.
You hit the ogre.
The ogre is lightly wounded.
The ogre hits you with a +0 giant spiked club!!
Ouch! That really hurt!
Your scale mail prevents you from hitting the ogre.
The ogre is lightly wounded.
The ogre hits you with a +0 giant spiked club!
* * * LOW HITPOINT WARNING * * *
A frilled lizard comes into view.
The frilled lizard hisses angrily.
You barely miss the ogre.
The ogre hits you with a +0 giant spiked club!
You die...

.... #.....#
#.....# ###.....##
...>...>.##
#...(.....#
..l.....#.#######..
#....>...........
..##.@O.....#####
..........#.......#
...≈≈≈≈≈...##...#.#
.≈≈≈≈≈≈##...###....
≈≈≈#####.##..## ###
≈≈ #.##≈≈..### ≈
..##≈≈≈....#
.###≈≈≈≈≈.#.# #
#≈≈≈≈≈≈≈.#.#


You could see an ogre and a frilled lizard.

Vanquished Creatures
  2 adders (D:2)
  2 dart slugs
  3 ball pythons
  5 bats
  An endoplasm (D:2)
  A giant cockroach (D:1)
  2 goblins (D:1)
  4 hobgoblins (D:1)
  4 jackals (D:2)
  5 kobolds
  A quokka skeleton (D:2)
  4 rats
34 creatures vanquished.

Notes
Turn   | Place    | Note
-------+----------+-------------------------------------------
     0 | D:1      | jbasstz the Human Berserker began the quest for the Orb.
     0 | D:1      | Reached XP level 1. HP: 18/18 MP: 1/1
   271 | D:1      | Reached XP level 2. HP: 12/24 MP: 2/2
   900 | D:1      | Reached XP level 3. HP: 29/29 MP: 3/3
  1381 | D:2      | Reached ** piety under Trog
  1919 | D:2      | Reached XP level 4. HP: 29/35 MP: 4/4
  1996 | D:2      | Found a faded altar of an unknown god.
  2466 | D:3      | Noticed an ogre
  2475 | D:3      | Mangled by an ogre

Illustrated notes

Levels and vault maps discovered:
D:1:      minmay_arrival_up_and_down, layout_basic, columned_hall_lemuel
D:2:      minmay_general_purpose_star, layout_loops_ring,
          hellmonk_ecumenical_altar_dog_temple, nrook_campfire
D:3:      layout_rooms, mainiacjoe_overflow_alcove_1, grunt_decor_junction

Action                   |  1- 3 |  4- 6 || total
-------------------------+-------+-------++-------
Melee: Hand axe          |    97 |    16 ||   113
 Stab: Sleeping          |     1 |       ||     1
Armor: Animal skin       |    28 |       ||    28
       Scale mail        |     1 |    11 ||    12
Dodge: Dodged            |    67 |    15 ||    82

Table legend: (Time is in decaauts)
 A = Elapsed time spent in this place.
 B = Non-inter-level travel time spent in this place.
 C = Inter-level travel time spent in this place.
 D = Time resting spent in this place.
 E = Time spent auto-exploring this place.
 F = Levels seen in this place.
 G = Mean time per level.
                   A        B        C        D        E       F      G
               +--------+--------+--------+--------+--------+-----+--------+
         Total |   2491 |   2491 |      0 |    746 |   1249 |   3 |  830.3 |
       Dungeon |   2491 |   2491 |      0 |    746 |   1249 |   3 |  830.3 |
               +--------+--------+--------+--------+--------+-----+--------+

Top non-repeatable levels by time:
     D:2: 1350 daAuts
     D:1: 1115 daAuts
     D:3: 26 daAuts
